 Dungeon Crawl Stone Soup version 0.26.0-10-g1f06aea511 (webtiles) character file.

Game seed: 16403074494259333807

2130 Borgoz the Skirmisher (level 9, -1/78 HPs)
             Began as a Ghoul Gladiator on Jan 18, 2021.
             Slain by Harold
             ... wielding a +0 dire flail of protection
              (13 damage)
             ... on level 7 of the Dungeon.
             The game lasted 00:07:53 (5931 turns).

Borgoz the Skirmisher (Ghoul Gladiator)             Turns: 5931, Time: 00:07:53

Health: -1/78      AC: 10    Str: 18    XL:     9   Next: 30%
Magic:  8/8        EV: 17    Int:  3    God:
Gold:   393        SH:  0    Dex: 13    Spells: 8/8 levels left

rFire    . . .     SeeInvis .   a - +2 long sword
rCold    + + .     Faith    .   (no shield)
rNeg     + + +     Spirit   .   g - +0 scale mail
rPois    ∞         Reflect  .   c - +1 helmet
rElec    .         Harm     .   s - +0 cloak
rCorr    .         Rampage  .   (no gloves)
Will     .....                  (no boots)
Stlth    ..........             (no amulet)
HPRegen  0.00/turn              h - ring of protection from cold
MPRegen  0.11/turn              l - +4 ring of evasion

@: marked
A: claws 1, cold resistance 1, negative energy resistance 3, inhibited
regeneration, torment resistance, unbreathing
a: no special abilities


You were on level 7 of the Dungeon.
You visited 1 branch of the dungeon, and saw 7 of its levels.
You also visited: Sewer.

You collected 393 gold pieces.

Inventory:

Hand Weapons
 a - a +2 long sword (weapon)
Missiles
 d - 3 throwing nets (quivered)
Armour
 c - a +1 helmet (worn)
 g - a +0 scale mail (worn)
 s - a +0 cloak (worn)
Jewellery
 h - a ring of protection from cold (left claw)
 l - a +4 ring of evasion (right claw)
Scrolls
 b - a scroll of enchant weapon
 f - 3 scrolls of remove curse
 j - 2 scrolls of enchant armour
 o - 5 scrolls of magic mapping
Potions
 m - 4 potions of curing


   Skills:
 + Level 6.9 Fighting
 + Level 6.1 Long Blades
 - Level 1.7 Throwing
 + Level 5.2 Armour
 + Level 6.1 Dodging


You had 8 spell levels left.
You didn't know any spells.
Your spell library was empty.

Dungeon Overview and Level Annotations

Branches:
Dungeon (7/15)              Sewer (visited)
 Temple: D:4-7

Altars:
Hepliaklqana
Sif Muna
Zin

Annotations:
D:7 Harold


Innate Abilities, Weirdness & Mutations

You thrive by killing the living.
You are immune to poison.
You have sharp fingernails.
Your flesh is cold resistant. (rC+)
You are immune to negative energy. (rN+++)
You do not regenerate when monsters are visible.
You are immune to unholy pain and torment.
You can survive without breathing.


Message History

Harold closely misses you.
You hit Harold but do no damage.
Harold is heavily wounded.
The orc priest begins to cast a cantrip, but forgets the words!
Harold misses you.
You completely miss Harold.
Harold is heavily wounded.
Harold barely misses you.
You riposte.
You hit Harold.
Harold is heavily wounded.
You hit Harold but do no damage.
Harold is heavily wounded.
Harold closely misses you.
You slash Harold!
Harold is severely wounded.
Harold hits you with a +0 dire flail of protection!!
* * * LOW HITPOINT WARNING * * *
You hit Harold but do no damage.
Harold is severely wounded.
Harold hits you with a +0 dire flail of protection!
You die...

#..# ....##+
##..##........#####
#....#........#...#
#....#(.......#...#
#....#........#..(#
#....#.......!#...#
#....#........#...#
#....'........#.@.#
##.###........#@###...
##.######.....{oS......
........#.....ho.......
........#..............
........#..............
........#..............
........#..............
........#.....###+###..


You could see Harold, an orc warrior, a hound and an orc priest.

Vanquished Creatures
  Grinder (D:3)
  The ghost of denisd0 the Cutter, an amateur HaCK of Xom (D:3)
  Sigmund (D:3)
  A water moccasin (Sewer)
  An ice beast (D:5)
  A phantom (D:5)
  An ogre (D:6)
  A centaur (D:6)
  2 bullfrogs (D:7)
  3 scorpions
  4 wights (D:7)
  2 howler monkeys (D:6)
  A centaur zombie (D:5)
  2 hounds
  2 jellies
  A centaur skeleton (D:5)
  3 orc priests
  Crazy Yiuf (D:3)
  Natasha (thrice) (D:3)
  Terence (D:3)
  A worker ant (D:4)
  A hound zombie (D:7)
  Robin (D:4)
  4 adders
  2 ufetubi
  2 oozes
  2 worms (D:2)
  3 leopard geckos (D:5)
  18 orcs
  7 giant cockroaches
  16 goblins
  8 hobgoblins
  4 kobolds
  3 quokkas
  3 ball pythons
  8 bats
  3 frilled lizards
  A quokka skeleton (D:7)
  9 rats
129 creatures vanquished.

Vanquished Creatures (others)
  7 plants (D:6)
7 creatures vanquished.

Grand Total: 136 creatures vanquished

Notes
Turn   | Place    | Note
-------+----------+-------------------------------------------
     0 | D:1      | Borgoz the Ghoul Gladiator began the quest for the Orb.
     0 | D:1      | Reached XP level 1. HP: 17/17 MP: 0/0
   264 | D:1      | Reached XP level 2. HP: 25/25 MP: 1/1
   895 | D:2      | Reached skill level 1 in Armour
   895 | D:2      | Reached XP level 3. HP: 30/30 MP: 2/2
  1147 | D:2      | Found a hazy altar of Hepliaklqana.
  1514 | D:2      | Reached XP level 4. HP: 38/38 MP: 3/3
  1841 | D:3      | Noticed Natasha
  1856 | D:3      | Killed Natasha
  1863 | D:3      | Reached XP level 5. HP: 36/45 MP: 4/4
  1952 | D:3      | Noticed Natasha
  1967 | D:3      | Killed Natasha
  2028 | D:3      | Noticed Natasha
  2033 | D:3      | Killed Natasha
  2091 | D:3      | Noticed Grinder
  2099 | D:3      | Killed Grinder
  2100 | D:3      | Reached XP level 6. HP: 46/52 MP: 5/5
  2145 | D:3      | Noticed Sigmund
  2434 | D:4      | Noticed Robin
  2456 | D:4      | Killed Robin
  2768 | D:4      | Reached XP level 7. HP: 60/60 MP: 6/6
  2929 | D:5      | Entered Level 5 of the Dungeon
  2998 | D:5      | Found a glowing drain.
  3018 | Sewer    | Entered a sewer
  3222 | D:5      | Reached skill level 5 in Fighting
  3385 | D:5      | Reached XP level 8. HP: 62/68 MP: 7/7
  3584 | D:5      | Found a shimmering blue altar of Sif Muna.
  3820 | D:5      | Reached skill level 5 in Long Blades
  3820 | D:5      | Reached skill level 5 in Dodging
  4630 | D:3      | Noticed Terence
  4645 | D:3      | Killed Terence
  4718 | D:3      | Found a glowing silver altar of Zin.
  4748 | D:3      | Found a runed translucent door.
  4749 | D:3      | Noticed Crazy Yiuf
  4897 | D:3      | Found a runed translucent door.
  4902 | D:3      | Noticed denisd0's ghost (amateur HaCK)
  5006 | D:3      | Paralysed by Crazy Yiuf for 4 turns
  5010 | D:3      | Killed Crazy Yiuf
  5224 | D:3      | Killed denisd0's ghost
  5523 | D:3      | Killed Sigmund
  5524 | D:3      | Reached skill level 5 in Armour
  5524 | D:3      | Reached XP level 9. HP: 71/78 MP: 8/8
  5896 | D:7      | Noticed Harold
  5931 | D:7      | Slain by Harold

Illustrated notes

Levels and vault maps discovered:
D:1:      minmay_arrival_hallway, layout_basic
D:2:      layout_basic, nzn_hepliaklqana_mist_gate, minmay_tromino_v2
D:3:      layout_rooms, lemuel_doored_altar, ebering_ghost_reflecting_pool,
          small_statue_intersection, uniq_sigmund, uniq_natasha,
          uniq_crazy_yiuf_cottage, uniq_terence, uniq_grinder
D:4:      layout_cave_pools, chequers_avenue, uniq_robin
D:5:      layout_basic, kennysheep_mini_moat, portal_sewer_entry_f
D:6:      layout_basic, serial_bayou_pond_c
D:7:      layout_gridville, lemuel_crystal_altar,
          minmay_temple_entry_proselytizer, uniq_harold

Skill      XL: |  1  2  3  4  5  6  7  8  9 |
---------------+----------------------------+-----
Long Blades    | 3 4 5 6 |  6.1
Armour         | 1 2 3 5 |  5.2
Dodging        | 3 4 5 6 |  6.1
Fighting       | 3 4 5 6 |  6.9
Throwing       | |  1.7

Action                   |  1- 3 |  4- 6 |  7- 9 || total
-------------------------+-------+-------+-------++-------
Melee: Long sword        |   102 |   105 |   268 ||   475
  Use: Scroll            |     3 |     4 |     7 ||    14
       Potion            |       |     2 |     4 ||     6
Armor: Scale mail        |    50 |    47 |    77 ||   174
Dodge: Dodged            |    79 |   162 |   230 ||   471
       Rpst.: Long sword |    23 |    53 |    77 ||   153
